 Dungeon Crawl Stone Soup version 0.26-b1-32-g5d43845318 (webtiles) character file.

Game seed: 12924769832326921092

37659 inmateoo the Martial Artist (level 14, 0/88 HPs)
             Began as a Kobold Transmuter on Jan 13, 2021.
             Was the Champion of Cheibriados.
             Slain by a tengu warrior
             ... wielding a +1 great mace
             ... led by a tengu warrior
              (6 damage)
             ... on level 13 of the Dungeon.
             The game lasted 00:35:57 (24268 turns).

inmateoo the Martial Artist (Kobold Transmuter)    Turns: 24268, Time: 00:35:58

Health: 0/88       AC:  7    Str: 24    XL:     14   Next: 30%
Magic:  24/28      EV: 26    Int: 33    God:    Cheibriados [******]
Gold:   811        SH:  0    Dex: 30    Spells: 13/33 levels left

rFire    + . .     SeeInvis +     - Unarmed
rCold    + . .     Faith    .   (shield currently unavailable)
rNeg     . . .     Spirit   .   B - +1 leather armour of the Orb {rElec SInv}
rPois    .         Reflect  .   H - +1 hat
rElec    +         Harm     .   e - +1 cloak
rCorr    .         Rampage  .   (gloves currently unavailable)
Will     +....                  (no boots)
Stlth    +++++.....             w - amulet of the acrobat
HPRegen  0.24/turn              s - ring of protection from cold
MPRegen  0.21/turn              o - ring of protection from fire

@: blade hands, very slow
A: small, nightstalker 3
a: End Transformation, Renounce Religion, Bend Time, Temporal Distortion,
Slouch, Step From Time


You were on level 13 of the Dungeon.
You worshipped Cheibriados.
Cheibriados was exalted by your worship.
You had blades for hands.
You visited 2 branches of the dungeon, and saw 14 of its levels.
You also visited: Ossuary and Ice Cave.

You collected 850 gold pieces.
You spent 39 gold pieces at shops.

Inventory:

Missiles
 q - 5 throwing nets (quivered)
Armour
 d - a +0 pair of gloves (melded)
 e - a +1 cloak (worn)
 n - the +1 leather armour "Olouz" {Int+3}
   (You took it off an orc on level 4 of the Dungeon)

   It affects your intelligence (+3).
 B - the +1 leather armour of the Orb (worn) {rElec SInv}
   (You found it on level 9 of the Dungeon)

   It insulates you from electricity.
   It lets you see invisible.
 H - a +1 hat (worn)
 L - a +1 kite shield of protection
Jewellery
 h - an uncursed ring of flight
 o - a ring of protection from fire (right scythe-like blade)
 s - a ring of protection from cold (left scythe-like blade)
 w - an amulet of the acrobat (around neck)
 F - an uncursed ring of ice
 I - a +6 ring of dexterity
Wands
 g - a wand of digging (10)
 x - a wand of iceblast (14)
 E - a wand of flame (39)
Scrolls
 b - 3 scrolls of teleportation
 j - 4 scrolls of immolation
 p - 3 scrolls of identify
 r - 5 scrolls of amnesia
 u - a scroll of fear
 v - 3 scrolls of blinking
 y - a scroll of fog
 C - 5 scrolls of remove curse
 D - a scroll of magic mapping
Potions
 a - a potion of cancellation
 f - 2 potions of lignification
 i - 3 potions of flight
 k - a potion of resistance
 l - 3 potions of might
 m - 6 potions of brilliance
 t - 2 potions of attraction
 z - 6 potions of ambrosia
 A - 2 potions of curing
 G - a potion of mutation
Miscellaneous
 c - a tin of tremorstones (1/2)
 J - a phial of floods (inert)
 K - a lightning rod (1/4)


   Skills:
 - Level 10.0 Fighting
 - Level 10.0 Dodging
 - Level 7.0 Stealth
 + Level 13.0 Unarmed Combat
 - Level 10.0 Spellcasting
 - Level 5.0 Transmutations
 - Level 5.0 Ice Magic
 - Level 2.0 Poison Magic
 + Level 9.8 Invocations
 + Level 2.7 Evocations


You had 13 spell levels left.
You knew the following spells:

 Your Spells              Type           Power        Failure   Level
a - Beastly Appendage     Tmut           98%          11%         1
b - Wereblood             Tmut           49%          13%         2
c - Spider Form           Tmut/Pois      19%          22%         3
d - Ice Form              Ice/Tmut       49%          30%         4
e - Blade Hands           Tmut           24%          50%         5
f - Petrify               Tmut/Erth      33%          50%         4
g - Apportation           Tloc           32%          26%         1

Your spell library contained the following spells:

 Spells                   Type           Power        Failure   Level
 Sting                    Tmut/Pois      100%         14%         1
 Animate Skeleton         Necr           32%          26%         1
 Corona                   Hex            17%          26%         1
 Summon Small Mammal      Summ           64%          26%         1
 Poisonous Vapours        Pois/Air       46%          26%         2
 Ignite Poison            Fire/Tmut/Pois 31%          28%         3
 Mephitic Cloud           Conj/Pois/Air  20%          41%         3
 Confusing Touch          Hex            16%          45%         3
 Gell's Gravitas          Tloc           8%           45%         3
 Olgreb's Toxic Radiance  Pois           29%          54%         4
 Metabolic Englaciation   Hex/Ice        16%          75%         5
 Yara's Violent Unravell  Hex/Tmut       16%          75%         5
 Ozocubu's Refrigeration  Ice            24%          89%         6
 Freezing Cloud           Conj/Ice/Air   13%          99%         6
 Simulacrum               Ice/Necr       16%          99%         6


Dungeon Overview and Level Annotations

Branches:
Dungeon (13/15)            Temple (1/1) D:4            Lair (0/6) D:10
    Orc (0/2) D:10        Ossuary (visited)           IceCv (visited)
 Vaults: D:13-14

Altars:
Ashenzari
Cheibriados
Dithmenos
Elyvilon
Fedhas
Gozag
Hepliaklqana
Kikubaaqudgha
Makhleb
Nemelex Xobeh
Okawaru
Qazlal
Ru
Sif Muna
Trog
Uskayaw
Vehumet
Wu Jian
Xom
Yredelemnul
Zin
The Shining One
Beogh

Shops:
D:7 :   D:11 *

Annotations:
D:7 exclusion: oklob plant


Innate Abilities, Weirdness & Mutations

You are small and have problems with some larger weapons.
You are completely attuned to the shadows.


Message History

You slice the tengu warrior!! Your slash misses the tengu warrior.
The tengu warrior is almost dead.
The tengu warrior hits you with a +1 great mace!
The tengu warrior pecks you.
* * * LOW HITPOINT WARNING * * *
The tengu warrior completely misses you.
You barely miss the tengu warrior.
The tengu warrior is almost dead.
The tengu warrior hits you with a +1 great mace!!
* * * LOW HITPOINT WARNING * * *
The tengu warrior completely misses you.
The tengu warrior misses you.
Unknown command.
You barely miss the tengu warrior.
You slash the tengu warrior, but do no damage.
The tengu warrior is almost dead.
You barely miss the tengu warrior.
The tengu warrior is almost dead.
The tengu warrior hits you with a +1 great mace.
You die...

*,***************,
*,,,,,,,,,,,,,,,,,
*,****************
*,* * #.# # #.# #
#.# # #Q# #
#@################
#.................
#.................
#.################
#.# #.* *,* *,* ##
*,* ##.


You could see a tengu warrior.

Vanquished Creatures
  A white draconian (IceCv)
  Erolcha (D:10)
  Harold (D:10)
  A hydra (D:13)
  2 boulder beetles
  A catoblepas (D:13)
  3 centaur warriors
  4 two-headed ogres
  2 tengu warriors (D:13)
  A death yak (IceCv)
  2 unseen horrors
  3 ugly things
  4 slime creatures (D:12)
  An ice statue (IceCv)
  A manticore (D:12)
  Joseph (D:8)
  3 centaur skeletons
  A gargoyle (D:12)
  Maggie (D:8)
  3 kobold demonologists (D:12)
  2 rime drakes (IceCv)
  5 trolls
  16 polar bears (IceCv)
  Grinder (D:4)
  A shadow (D:13)
  A vampire (D:13)
  2 wyverns
  27 yaks
  A steam dragon (D:10)
  3 vampire mosquitoes (D:13)
  The ghost of Borgoz the Cudgeller, an amateur GrGl (D:4)
  An acid dragon (D:12)
  2 water moccasins
  6 orc warriors
  5 sky beasts
  2 black bears
  3 phantoms
  3 ice beasts
  A necrophage (D:10)
  12 wolves (IceCv)
  2 ogres
  8 centaurs
  5 big kobolds
  A gnoll sergeant (D:10)
  12 bullfrogs
  A wyvern zombie (D:13)
  A water moccasin zombie (D:5)
  3 scorpions
  2 wyvern skeletons
  15 killer bees
  20 wights
  7 howler monkeys
  An electric eel (D:10)
  A centaur zombie (D:7)
  3 bullfrog zombies
  13 hounds
  6 orc priests
  2 jellies
  3 quasits
  A bullfrog skeleton (D:9)
  13 orc wizards
  Ijyb (D:4)
  5 iguanas
  12 worker ants
  3 big kobold zombies (Ossuary)
  A hound zombie (D:9)
  A hound skeleton (D:6)
  A mummy (Ossuary)
  2 worker ant zombies
  A howler monkey zombie (D:6)
  Robin (D:2)
  8 gnolls
  A howler monkey skeleton (D:9)
  17 adders
  2 shadow imps
  2 white imps
  An ufetubus (D:7)
  An adder skeleton (D:8)
  4 worms
  2 dart slugs
  3 leopard geckos
  54 orcs
  3 spectral bats (Ossuary)
  3 ball pythons
  3 giant cockroaches
  9 gnoll zombies (Ossuary)
  13 goblins
  16 hobgoblins
  10 jackals
  4 quokkas
  4 bats
  4 bat simulacra (Ossuary)
  5 frilled lizards
  A goblin simulacrum (Ossuary)
  2 goblin zombies (Ossuary)
  5 hobgoblin zombies (Ossuary)
  28 kobolds
  2 kobold simulacra (Ossuary)
  6 kobold zombies (Ossuary)
  A leopard gecko skeleton (D:4)
  5 orc zombies (Ossuary)
  16 rats
  2 rat simulacra (Ossuary)
  3 spectral goblins (Ossuary)
  A spectral kobold (Ossuary)
  3 spectral rats (Ossuary)
  A bush (D:12)
525 creatures vanquished.

Vanquished Creatures (collateral kills)
  2 yaks (D:9)
2 creatures vanquished.

Vanquished Creatures (others)
  2 yaks (D:9)
  4 bushes (D:12)
6 creatures vanquished.

Grand Total: 533 creatures vanquished

Notes
Turn   | Place    | Note
-------+----------+-------------------------------------------
     0 | D:1      | inmateoo the Kobold Transmuter began the quest for the Orb.
     0 | D:1      | Reached XP level 1. HP: 12/12 MP: 3/3
   119 | D:1      | Reached XP level 2. HP: 12/16 MP: 5/5
   445 | D:1      | You fall into a shaft and drop 1 floor!
   512 | D:2      | Learned a level 2 spell: Wereblood
   534 | D:2      | Reached XP level 3. HP: 17/21 MP: 6/6
   585 | D:2      | Learned a level 3 spell: Spider Form
  1186 | D:1      | Found an iron altar of Okawaru.
  1216 | D:1      | Reached XP level 4. HP: 22/26 MP: 5/7
  1935 | D:2      | Reached skill level 1 in Poison Magic
  2013 | D:2      | Reached skill level 4 in Unarmed Combat
  2016 | D:2      | Found a shimmering altar of Xom.
  2078 | D:2      | Found a hide-covered altar of Uskayaw.
  2139 | D:2      | Found an ornate altar of the Wu Jian Council.
  2146 | D:2      | Found a shimmering blue altar of Sif Muna.
  2151 | D:2      | Found a hazy altar of Hepliaklqana.
  2387 | D:2      | Reached XP level 5. HP: 30/30 MP: 9/9
  2635 | D:2      | Noticed Robin
  3580 | D:2      | Killed Robin
  3645 | D:3      | Found a sacrificial altar of Ru.
  4032 | D:3      | Reached XP level 6. HP: 23/36 MP: 6/10
  5148 | D:4      | Found a staircase to the Ecumenical Temple.
  5158 | D:4      | Noticed Grinder
  5166 | Temple   | Entered the Ecumenical Temple
  5313 | D:4      | Paralysed by Grinder for 6 turns
  5315 | D:4      | Killed Grinder
  5316 | D:4      | Reached skill level 5 in Unarmed Combat
  5316 | D:4      | Reached XP level 7. HP: 25/41 MP: 8/12
  5491 | D:4      | Found a runed translucent gate.
  5492 | D:4      | Found a runed translucent gate.
  5493 | D:4      | Found a runed translucent gate.
  5493 | D:4      | Noticed Borgoz's ghost (amateur GrGl)
  6657 | D:4      | Noticed Ijyb
  6677 | D:4      | Killed Ijyb
  6984 | D:4      | Reached skill level 6 in Unarmed Combat
  6984 | D:4      | Reached XP level 8. HP: 47/48 MP: 9/14
  6988 | D:4      | Identified the +1 leather armour "Olouz" {Int+3}
  7002 | D:4      | Killed Borgoz's ghost
  7015 | D:4      | Found a roughly hewn altar of Beogh.
  7228 | D:5      | Entered Level 5 of the Dungeon
  7232 | D:5      | Noticed a moth of wrath
  7235 | D:5      | Found a bloodstained altar of Trog.
  7373 | D:5      | Reached skill level 7 in Unarmed Combat
  7504 | D:5      | Learned a level 4 spell: Ice Form
  7744 | D:5      | Found a stormy altar of Qazlal.
  7996 | D:6      | Reached skill level 1 in Stealth
  8022 | D:6      | Reached skill level 1 in Ice Magic
  8317 | D:6      | Found a burning altar of Makhleb.
  8317 | D:6      | Found a glowing silver altar of Zin.
  8318 | D:6      | Noticed an Executioner
  8319 | D:6      | Noticed an angel
  8345 | D:6      | Found a sand-covered staircase.
  8359 | Ossuary  | Entered an ossuary
  8879 | D:6      | Reached XP level 9. HP: 50/52 MP: 12/15
  9373 | D:6      | Learned a level 5 spell: Blade Hands
 10461 | D:7      | Reached skill level 8 in Unarmed Combat
 10530 | D:7      | Found a white marble altar of Elyvilon.
 10657 | D:7      | Reached skill level 5 in Fighting
 10678 | D:7      | Noticed an oklob plant
 10686 | D:7      | Found a hide-covered altar of Uskayaw.
 10772 | D:7      | Found Boty's Book Shop.
 11115 | D:7      | Reached skill level 5 in Transmutations
 11458 | D:8      | Reached skill level 5 in Spellcasting
 11653 | D:8      | Reached XP level 10. HP: 47/59 MP: 12/17
 12130 | D:8      | Noticed a two-headed ogre
 12146 | D:8      | Killed a two-headed ogre
 12147 | D:8      | Reached skill level 5 in Dodging
 12147 | D:8      | Reached skill level 9 in Unarmed Combat
 12147 | D:8      | Reached skill level 5 in Ice Magic
 12157 | D:8      | Noticed Joseph
 12171 | D:8      | Killed Joseph
 12503 | D:8      | Noticed Maggie
 12515 | D:8      | Killed Maggie
 12574 | D:8      | Found a shadowy altar of Dithmenos.
 12944 | D:8      | Found a sparkling altar of Nemelex Xobeh.
 13370 | D:9      | Reached skill level 10 in Unarmed Combat
 13595 | D:9      | Killed an unseen horror
 13891 | D:9      | Reached XP level 11. HP: 58/67 MP: 18/18
 14111 | D:9      | Got a brightly glowing leather armour
 14122 | D:9      | Identified the +1 leather armour of the Orb {rElec SInv}
                  | (You found it on level 9 of the Dungeon)
 14543 | D:9      | Found a snail-covered altar of Cheibriados.
 14566 | D:9      | Became a worshipper of Cheibriados the Contemplative
 15085 | D:9      | Reached skill level 1 in Invocations
 15512 | D:10     | Entered Level 10 of the Dungeon
 15521 | D:10     | Reached * piety under Cheibriados
 15806 | D:10     | Found a staircase to the Lair.
 15854 | D:10     | Noticed a tengu warrior
 16171 | D:10     | Noticed a two-headed ogre
 16183 | D:10     | Killed a two-headed ogre
 16541 | D:10     | Reached ** piety under Cheibriados
 16571 | D:10     | Noticed a two-headed ogre
 16585 | D:10     | Killed a two-headed ogre
 16951 | D:10     | Noticed Erolcha
 16980 | D:10     | Killed Erolcha
 17165 | D:10     | Reached XP level 12. HP: 75/76 MP: 15/21
 17193 | D:10     | Learned a level 4 spell: Petrify
 17284 | D:10     | Noticed a two-headed ogre
 17297 | D:10     | Killed a two-headed ogre
 17598 | D:10     | Found a staircase to the Orcish Mines.
 17610 | D:10     | Reached *** piety under Cheibriados
 18000 | D:10     | Noticed Harold
 18036 | D:10     | Killed Harold
 18041 | D:10     | Noticed an unseen horror
 18044 | D:10     | Killed an unseen horror
 18850 | D:11     | Reached skill level 5 in Invocations
 18950 | D:11     | Reached skill level 11 in Unarmed Combat
 19106 | D:11     | Found Hooceidgh's Changing Room.
 19304 | D:11     | Bought a potion of lignification for 39 gold pieces
 19609 | D:12     | Reached **** piety under Cheibriados
 19694 | D:12     | Noticed a boulder beetle
 19847 | D:11     | Killed a boulder beetle
 19976 | D:12     | Identified the +1 chain mail of the Six Gods {rPois Will-
                  | Str+4 Dex+4}
 19994 | D:12     | Reached skill level 5 in Stealth
 20125 | D:12     | Reached skill level 10 in Fighting
 20216 | D:12     | Learned a level 1 spell: Apportation
 20293 | D:12     | Reached XP level 13. HP: 82/82 MP: 18/24
 20368 | D:12     | Reached ***** piety under Cheibriados
 20374 | D:12     | Reached skill level 10 in Dodging
 20443 | D:12     | Noticed a boulder beetle
 20456 | D:12     | Killed a boulder beetle
 20847 | D:12     | Noticed a centaur warrior
 20864 | D:12     | Killed a centaur warrior
 21149 | D:13     | Found a frozen archway.
 21153 | IceCv    | Entered an ice cave
 22173 | IceCv    | Reached skill level 12 in Unarmed Combat
 22749 | IceCv    | Noticed a white draconian
 22759 | IceCv    | Killed a white draconian
 23198 | D:13     | Noticed a centaur warrior
 23208 | D:13     | Killed a centaur warrior
 23405 | D:13     | Noticed a six-headed hydra
 23409 | D:13     | Reached XP level 14. HP: 49/88 MP: 23/27
 23487 | D:13     | Reached ****** piety under Cheibriados
 23814 | D:13     | Reached skill level 10 in Spellcasting
 24047 | D:13     | Identified the +8 long sword of Paper {pain, *Slow +Rage
                  | +Fly rElec}
 24059 | D:13     | Reached skill level 1 in Evocations
 24172 | D:13     | Reached skill level 13 in Unarmed Combat
 24268 | D:13     | Slain by a tengu warrior

Illustrated notes

Levels and vault maps discovered:
D:1:      dpeg_arrival_radiant, layout_basic, corexii_item_surrounded_by_moat,
          chequers_serial_rivers_room_b, hangedman_glass_teeth,
          okawaru_ov_weapons_minmay
D:2:      layout_rooms, marbit_many_paths, grunt_temple_overflow_cloverleaf,
          glass_columns_b, uniq_robin
D:3:      layout_basic, nicolae_ru_awakened_eye
D:4:      layout_gridville, minmay_temple_entry_wispy,
          biasface_ghost_orc_armoury, eino_small_chamber_without_monster,
          uniq_grinder, uniq_ijyb
D:5:      layout_basic, kennysheep_little_box, tgw_trog
D:6:      minmay_evil_eye, layout_cave_pods,
          grunt_temple_overflow_order_and_chaos_2, enter_ossuary_5,
          roderic_serpentine_path, st_stairs_10
D:7:      layout_cave_pools, elyvilon_altar_3, serial_shops, shop_fountains,
          corexii_item_surrounded_by_moat, lemuel_oklob_altar
D:8:      layout_basic, general_overflow_altar, nicolae_overflow_hidden_temple,
          uniq_joseph, uniq_maggie
D:9:      layout_irregular_city, lemuel_round_altar, serial_co_window_serial,
          co_window_paths_a, co_window_corner_a, co_window_corner_a,
          co_window_paths_a, co_window_corner_a, co_window_paths_c,
          co_window_broadway_a, co_window_of_opportunity_c,
          co_window_broadway_b, glass_columns_c, glass_columns_a,
          glass_columns_a, billiards_dpeg
D:10:     wad_river_or_something, layout_cave_pods, lair_entry_dummy,
          david_orc_3, uniq_erolcha, uniq_harold
D:11:     layout_loops_ring, nicolae_transmutations_shop
D:12:     layout_basic, nrook_campfire, minmay_statues_item, minmay_hedge_maze
D:13:     layout_long_grid, portal_ice_cave_entry_pillars_2,
          ebering_ghost_inner_flame
Temple:   nicolae_temple_figure_zero

Skill      XL: |  1  2  3  4  5  6  7  8  9 10 11 12 13 14 |
---------------+-------------------------------------------+-----
Fighting       | 2 3 4 5 7 9 10 | 10.0
Poison Magic   | 1 2 |  2.0
Unarmed Combat | 4 5 6 7 8 10 11 12 13 | 13.0
Spellcasting   | 3 4 5 6 7 9 10 | 10.0
Transmutations | 3 4 5 |  5.0
Stealth        | 2 4 5 7 |  7.0
Ice Magic      | 2 4 5 |  5.0
Dodging        | 3 4 6 8 9 10 | 10.0
Invocations    | 4 6 9 |  9.8
Evocations     | 2 |  2.7

Action                   |  1- 3 |  4- 6 |  7- 9 | 10-12 | 13-15 || total
-------------------------+-------+-------+-------+-------+-------++-------
Melee: Unarmed           |    83 |   255 |   566 |   624 |   304 ||  1832
       Headbutt          |     7 |    12 |    39 |     8 |       ||    66
       Kick              |    14 |    22 |    67 |    24 |       ||   127
       Punch             |     2 |     3 |    10 |    18 |    36 ||    69
 Cast: Beastly Appendage |    12 |    23 |    32 |    10 |       ||    77
       Spider Form       |       |     3 |    13 |    17 |       ||    33
       Wereblood         |       |     1 |     7 |     8 |     5 ||    21
       Ice Form          |       |       |     3 |    16 |     2 ||    21
       Blade Hands       |       |       |       |     5 |    25 ||    30
       Petrify           |       |       |       |     7 |     3 ||    10
 Abil: End Transformatio |       |       |       |     4 |       ||     4
Evoke: Wand              |       |       |       |     8 |     6 ||    14
       Lightning rod     |       |       |       |       |     4 ||     4
       Phial of floods   |       |       |       |       |     1 ||     1
       Tin of tremorston |       |       |       |       |     1 ||     1
  Use: Scroll            |     4 |     2 |    14 |    13 |     4 ||    37
       Potion            |       |     2 |     1 |     1 |     5 ||     9
 Stab: Sleeping          |     9 |    13 |    32 |    27 |     3 ||    84
       Distracted        |       |       |       |     3 |     2 ||     5
       Petrified         |       |       |       |     3 |     9 ||    12
       Petrifying        |       |       |       |     2 |     4 ||     6
       Invisible         |       |       |       |       |     3 ||     3
Armor: Robe              |     8 |    29 |     3 |       |       ||    40
       Skin              |       |     1 |     7 |    22 |    55 ||    85
       Leather armour    |       |       |    63 |    37 |    26 ||   126
Dodge: Dodged            |    53 |   189 |   340 |   502 |   327 ||  1411
